 Dungeon Crawl Stone Soup version 0.31-a0-1611-g890cdf5628 (webtiles) character file.

Game seed: 8965880368361413991

154 Ch0rma the Chopper (level 5, -2/47 HPs)
             Began as a Hill Orc Fighter on Jan 9, 2024.
             Slain by a gnoll bouda
             ... wielding a +0 club
              (7 damage)
             ... on level 3 of the Dungeon.
             The game lasted 00:09:46 (818 turns).

Ch0rma the Chopper (Hill Orc Fighter)                Turns: 818, Time: 00:09:46

Health: -2/47      AC: 10    Str: 19    XL:     5   Next: 36%
Magic:  5/5        EV:  8    Int: 10    God:
Gold:   56         SH:  8    Dex: 10    Spells: 4/4 levels left

rFire   . . .        a - +0 war axe
rCold   . . .        h - +0 kite shield
rNeg    . . .        b - +0 scale mail
rPois   .            f - +0 helmet
rElec   .            (no cloak)
rCorr   .            o - +1 pair of gloves
SInv    .            (no boots)
Will    .....        (no amulet) Stlth
                     (no ring)
HPRegen 0.27/turn    (no ring)
MPRegen 0.09/turn

%: no passive effects
@: weakened
A: no striking features
a: no special abilities


You were on level 3 of the Dungeon.
You visited 1 branch of the dungeon, and saw 3 of its levels.

You collected 56 gold pieces.

Inventory:

Hand Weapons
 a - a +0 war axe (weapon)
 l - a +0 whip of draining
Armour
 b - a +0 scale mail (worn)
 c - a +0 buckler
 f - a +0 helmet (worn)
 h - a +0 kite shield (worn)
 o - a +1 pair of gloves (worn)
Wands
 m - a wand of charming (3)
Scrolls
 e - a scroll of amnesia
 n - a scroll of teleportation {unknown}
Potions
 d - 2 potions of might
 g - a potion of degeneration {unknown}
 i - a potion of brilliance {unknown}
 j - a potion of lignification {unknown}


   Skills:
 + Level 4.6 Fighting
 + Level 5.2 Axes
 + Level 3.8 Armour
 + Level 0.6 Dodging
 + Level 3.7 Shields


You had 4 spell levels left.
You didn't know any spells.
Your spell library contained the following spells:

 Spells                   Type           Power      Damage    Failure   Level
 Apportation              Tloc           0%         N/A       95%         1
 Necrotise                Necr           0%         1d4       95%         1
 Sting                    Conj/Alch      0%         1d3       95%         1
 Summon Small Mammal      Summ           0%         N/A       95%         1


Dungeon Overview and Level Annotations

Branches:
Dungeon (3/15)

Altars:
Elyvilon


Message History

You hit the gnoll bouda but do no damage.
The gnoll bouda is severely wounded.
You hit the gnoll.
The gnoll is no longer moving quickly. x3
The gnoll bouda hits you but does no damage.
You block the gnoll's attack.
The gnoll shoots a sling bullet.
The sling bullet completely misses you. You block the gnoll's attack.
The gnoll bouda utters an invocation to its god.
The gnoll bouda is healed somewhat.
You hit the gnoll bouda but do no damage.
The gnoll bouda is heavily wounded.
You barely miss the gnoll. You block the gnoll's attack.
The gnoll shoots a sling bullet.
The sling bullet barely misses you. You block the gnoll's attack.
The gnoll bouda hits you with a +0 club.
* * * LOW HITPOINT WARNING * * *
The gnoll hits you from afar with a +0 spear.
* * * LOW HITPOINT WARNING * * *
You hit the gnoll bouda.
The gnoll bouda is heavily wounded.
You hit the gnoll.
The gnoll shoots a sling bullet.
The sling bullet hits you.
* * * LOW HITPOINT WARNING * * *
The gnoll hits you with a +0 whip.
* * * LOW HITPOINT WARNING * * *
You block the gnoll bouda's attack. You block the gnoll's attack.
The gnoll shoots a sling bullet.
You block the sling bullet. The gnoll hits you but does no damage.
You hit the gnoll bouda but do no damage.
The gnoll bouda is heavily wounded.
You hit the gnoll.
You kill the gnoll!
The gnoll bouda gazes fiercely through you!
You feel as though you will be weak longer.
The gnoll bouda closely misses you. The gnoll completely misses you.
The gnoll shoots a sling bullet.
You block the sling bullet.
The gnoll bouda barks out a call to the hunt!
The gnolls pick up the pace!
Okay, then.
The gnoll bouda attacks as it pursues you!
The gnoll bouda hits you with a +0 club!
You die...

...... ##.# .....
##... #...# ##....
#...# #.[... #...# # #
#..... ##.######.#
#.#...
######.......#.##
#.####
#...............## #.#
#.####..@g...###.###.#
#...)gg)........#
#.......#.#.#####
#..........##
#.#...##...#
...######.†.# ..###
#...# #. #...# #...# #


You could see a gnoll bouda and 2 gnolls.

Vanquished Creatures
  Jessica (D:3)
  Terence (D:2)
  2 adders (D:2)
  4 gnolls
  An orc (D:3)
  7 bats
  3 endoplasms
  A giant cockroach (D:1)
  2 goblins
  2 hobgoblins
  6 jackals
  2 quokkas
  8 ball pythons
  2 frilled lizards
  4 kobolds
  A rat (D:2)
47 creatures vanquished.

Notes
Turn   | Place    | Note
-------+----------+-------------------------------------------
     0 | D:1      | Ch0rma the Hill Orc Fighter began the quest for the Orb.
     0 | D:1      | Reached XP level 1. HP: 19/19 MP: 1/1
   129 | D:1      | Reached XP level 2. HP: 23/27 MP: 2/2
   176 | D:1      | Reached skill level 3 in Axes
   349 | D:1      | Reached XP level 3. HP: 32/33 MP: 3/3
   361 | D:2      | Found a white marble altar of Elyvilon.
   484 | D:2      | Reached skill level 4 in Axes
   484 | D:2      | Reached XP level 4. HP: 40/40 MP: 4/4
   496 | D:2      | Noticed Terence
   513 | D:2      | Killed Terence
   515 | D:2      | HP: 1/41 [poisoned by an adder]
   727 | D:3      | Noticed Jessica
   732 | D:3      | Killed Jessica
   733 | D:3      | Reached skill level 5 in Axes
   733 | D:3      | Reached XP level 5. HP: 47/47 MP: 5/5
   818 | D:3      | Slain by a gnoll bouda

Illustrated notes

Levels and vault maps discovered:
D:1:      amcnicky_arrival_single_pillar, layout_rooms
D:2:      minmay_wonky_spiral, layout_rooms, basic_altar,
          uniq_crazy_yiuf_cottage, uniq_terence
D:3:      layout_loops_cross, uniq_jessica

Skill      XL: |  1  2  3  4 |
---------------+-------------+-----
Fighting       | 4 |  4.6
Axes           | 3 4 5 |  5.2
Armour         | |  3.8
Dodging        | |  0.6
Shields        | |  3.7

Action                     |  1- 3 |  4- 6 || total
---------------------------+-------+-------++-------
  Melee: War axe           |    79 |    60 ||   139
    Use: Potion            |       |     1 ||     1
         Scroll            |       |     2 ||     2
 Armour: Scale mail        |    63 |    76 ||   139
  Dodge: Dodged            |    52 |    45 ||    97
  Block: Buckler           |    15 |       ||    15
         Kite shield       |    16 |    61 ||    77

Table legend: (Time is in decaauts)
 A = Elapsed time spent in this place.
 B = Non-inter-level travel time spent in this place.
 C = Inter-level travel time spent in this place.
 D = Time resting spent in this place.
 E = Time spent auto-exploring this place.
 F = Levels seen in this place.
 G = Mean time per level.
                   A        B        C        D        E       F      G
               +--------+--------+--------+--------+--------+-----+--------+
         Total |    875 |    698 |    177 |      0 |    338 |   3 |  291.7 |
       Dungeon |    875 |    698 |    177 |      0 |    338 |   3 |  291.7 |
               +--------+--------+--------+--------+--------+-----+--------+

Top non-repeatable levels by time:
     D:2: 362 daAuts
     D:1: 353 daAuts
     D:3: 159 daAuts
